 Dungeon Crawl Stone Soup version 0.20.1-1-g8b1a95d (webtiles) character file.

3050 letownia2 the Reanimator (level 9, -13/75 HPs)
             Began as a Deep Dwarf Necromancer on Nov 2, 2017.
             Was an Initiate of Gozag.
             Mangled by a two-headed ogre
             ... wielding a +0 giant club
              (30 damage)
             ... on level 8 of the Dungeon.
             The game lasted 00:17:38 (6388 turns).

letownia2 the Reanimator (Deep Dwarf Necromancer)   Turns: 6388, Time: 00:17:38

Health: -13/75     AC: 10    Str: 16    XL:     9   Next: 57%
Magic:  1/21       EV: 11    Int: 21    God:    Gozag
Gold:   593        SH:  0    Dex: 13    Spells: 20/24 levels left

rFire    . . .     SeeInvis .   a - +8 dagger "Eliby" {flame, -Tele Str+3 Int+3}
rCold    . . .     Gourm    .   (no shield)
rNeg     . . .     Faith    .   E - +0 ring mail
rPois    .         Spirit   .   T - +1 helmet
rElec    .         Reflect  .   H - +0 cloak
rCorr    .         Harm     .   B - +0 pair of gloves
MR       +....     NoTele   +   (no boots)
Stlth    ++........             (no amulet)
Regen    0.0/turn               j - ring of stealth
MPRegen  0.2/turn               (no ring)

@: non-regenerating
A: damage resistance, heal wounds, sense surroundings 2, no regeneration
a: Heal Wounds, Potion Petition, Call Merchant, Bribe Branch, Renounce Religion


You were on level 8 of the Dungeon.
You worshipped Gozag.
Gozag was pleased with you.
You were not hungry.

You visited 2 branches of the dungeon, and saw 9 of its levels.

You collected 1193 gold pieces.
You spent 62 gold pieces at shops.
You paid 538 gold pieces to Gozag.

Inventory:

Hand Weapons
 a - the +8 dagger "Eliby" (weapon) {flame, -Tele Str+3 Int+3}
   (You found it on level 4 of the Dungeon)

   It has been specially enchanted to burn those struck by it, causing extra
   injury to most foes and up to half again as much damage against particularly
   susceptible opponents.
   It affects your strength (+3).
   It affects your intelligence (+3).
   It prevents most forms of teleportation.
 h - a +1 hunting sling of freezing
 m - a +0 hand axe
 t - a +0 dagger
 D - a +1 vampiric short sword
Missiles
 l - 5 javelins
 q - a javelin of penetration (quivered)
 F - 25 poisoned needles
Armour
 B - a +0 pair of gloves (worn)
 E - a +0 ring mail (worn)
 H - a +0 cloak (worn)
 L - a +1 robe of cold resistance
 T - a +1 helmet (worn)
Magical Staves
 I - an uncursed staff of cold
Jewellery
 j - a ring of stealth (left hand)
Wands
 r - a wand of random effects (4/48)
 s - a wand of enslavement (7/24)
 x - a wand of flame (17/48)
 O - a wand of polymorph (10/24)
 U - a wand of paralysis (13/24)
Scrolls
 e - a scroll of teleportation
 g - a scroll of blinking
 i - 5 scrolls of identify
 p - a scroll of recharging
 u - a scroll of enchant armour
 y - a scroll of remove curse
 J - a scroll of fear {unknown}
 M - a scroll of noise {unknown}
 P - 2 scrolls of acquirement {unknown}
 Q - a scroll of immolation {unknown}
 R - a scroll of magic mapping {unknown}
 S - 2 scrolls of amnesia {unknown}
Potions
 d - 4 potions of mutation {unknown}
 f - a potion of invisibility
 k - 5 potions of curing
 n - 3 potions of heal wounds {unknown}
 o - 3 potions of lignification {unknown}
 z - a potion of magic
 A - a potion of ambrosia
 C - a potion of agility
 K - 2 potions of experience
 N - 3 potions of might {unknown}
Books
 b - a book of Necromancy

   Spells                             Type                      Level
   a - Pain                           Necromancy                   1
   b - Animate Skeleton               Necromancy                   1
   c - Vampiric Draining              Necromancy                   3
   d - Regeneration                   Charms/Necromancy            3
   e - Animate Dead                   Necromancy                   4
   f - Control Undead                 Necromancy                   4
 v - a book of Conjurations

   Spells                             Type                      Level
   a - Magic Dart                     Conjuration                  1
   b - Searing Ray                    Conjuration                  2
   c - Dazzling Spray                 Conjuration/Hexes            3
   d - Fulminant Prism                Conjuration/Hexes            4
   e - Force Lance                    Conjuration/Translocation    4
   f - Iskenderun's Mystic Blast      Conjuration                  4
Comestibles
 c - 5 bread rations
 w - 6 fruits
 G - a meat ration


   Skills:
 + Level 3.0 Fighting
 + Level 3.8 Armour
 - Level 2.1 Dodging
 - Level 2.4 Stealth
 - Level 8.0 Spellcasting
 + Level 9.1 Necromancy
 - Level 4.8 Evocations


You had 20 spell levels left.
You knew the following spells:

 Your Spells              Type           Power        Failure   Level  Hunger
a - Pain                  Necr           ####         1%          1    None
v - Vampiric Draining     Necr           #####.....   1%          3    None


Dungeon Overview and Level Annotations

Branches:
Dungeon (8/15)             Temple (1/1) D:4
   Lair: D:8-11

Altars:
Cheibriados
Dithmenos
Elyvilon
Fedhas
Gozag
Hepliaklqana
Kikubaaqudgha
Makhleb
Nemelex Xobeh
Okawaru
Ru
Sif Muna
Trog
Uskayaw
Vehumet
Yredelemnul
Zin
The Shining One

Shops:
D:7 *

Annotations:
D:7 AdmiralAndromeda's ghost, novice HuCj


Innate Abilities, Weirdness & Mutations

You are resistant to damage.
You can heal yourself by infusing magical energy.
You passively map the area around you.
You do not regenerate.


Message History

Confirm with . or Enter, or press ? or * to list all spells.
Aiming: Vampiric Draining
Press: ? - help, Shift-Dir - straight line, f/p - two-headed ogre
Aim: a two-headed ogre, wielding two giant clubs (severely wounded)
The two-headed ogre is severely wounded.
You feel life coursing into your body.
The two-headed ogre hits you with a giant club.
* * * LOW HITPOINT WARNING * * *
The two-headed ogre completely misses you.
Unknown command.
Casting: Vampiric Draining
Confirm with . or Enter, or press ? or * to list all spells.
Aiming: Vampiric Draining
Press: ? - help, Shift-Dir - straight line, f/p - two-headed ogre
Aim: a two-headed ogre, wielding two giant clubs (severely wounded)
The two-headed ogre is almost dead.
You feel life coursing into your body.
The two-headed ogre hits you with a giant club!!
You die...
Your body crumbles into a pile of gold.

............##.#####
##.....######.# ,
#^<...# #.# * * ,
###.### #.# * ,, #.#
#(# * ,,,, #.# #(#
...., , #.# #(#
*#..P.P,, ,
*#.########.####
..PPP. , ,
#.........(.@.#
*....P. , , ,
.######...##O##
.P..PP,,
#.)##.#.###...PPPP,
, * * ,
#..#.###......P.PP ,
#...## ##..##....P ,
, ** * ##.#.#
#.#.......(,, , ,,
#.##.#.##.##...P( ,
* #.# #.# #.#* ###.
, #.##.># #.. * ,


You could see a two-headed ogre.

Vanquished Creatures
  A deep elf mage (D:7)
  Eustachio (D:6)
  A hungry ghost (D:7)
  Menkaure (D:5)
  2 ice beasts
  A phantom (D:5)
  2 black bears
  A necrophage (D:8)
  An ogre (D:5)
  2 centaurs
  A big kobold (D:7)
  2 bullfrogs
  2 scorpions (D:7)
  9 killer bees
  3 crimson imps
  2 hounds (D:4)
  2 orc priests
  2 iguanas
  6 orc wizards
  Terence (D:2)
  3 worker ants
  A killer bee zombie (D:5)
  A howler monkey zombie (D:5)
  3 adders
  A shadow imp (D:6)
  4 oozes
  2 adder zombies
  3 dart slugs
  5 leopard geckos
  32 orcs
  5 giant cockroaches
  9 hobgoblins
  10 kobolds
  3 quokkas
  A ball python (D:1)
  3 bats
  4 frilled lizards
  6 goblins
  2 leopard gecko skeletons
  A quokka skeleton (D:7)
  4 rats
146 creatures vanquished.

Vanquished Creatures (collateral kills)
  A water moccasin (D:6)
1 creature vanquished.

Grand Total: 147 creatures vanquished

Notes
Turn   | Place    | Note
-------+----------+-------------------------------------------
     0 | D:1      | letownia2 the Deep Dwarf Necromancer began the quest for the Orb.
     0 | D:1      | Reached XP level 1. HP: 15/15 MP: 3/3
   370 | D:2      | Reached XP level 2. HP: 14/22 MP: 1/5
   440 | D:2      | Reached skill level 5 in Necromancy
   592 | D:2      | Reached XP level 3. HP: 9/28 MP: 3/6
   597 | D:2      | Learned a level 3 spell: Vampiric Draining
   936 | D:4      | Reached skill level 6 in Necromancy
   936 | D:4      | Reached XP level 4. HP: 13/36 MP: 0/7
  1222 | D:4      | Got a warped dagger
  1223 | D:4      | Identified the +8 dagger "Eliby" {flame, -Tele Str+3 Int+3} (You found it on level 4 of the Dungeon)
  1354 | D:4      | Found a staircase to the Ecumenical Temple.
  1362 | Temple   | Entered the Ecumenical Temple
  1580 | Temple   | Became a worshipper of Gozag Ym Sagoz the Greedy
  1630 | D:4      | Reached XP level 5. HP: 12/42 MP: 2/8
  1784 | D:4      | Found a radiant altar of Vehumet.
  2253 | D:2      | Noticed Terence
  2505 | D:2      | Killed Terence
  3576 | D:3      | Reached skill level 1 in Armour
  3576 | D:3      | Reached XP level 6. HP: 44/50 MP: 6/10
  3844 | D:4      | Reached skill level 1 in Fighting
  3978 | D:4      | Reached skill level 7 in Necromancy
  4062 | D:5      | Entered Level 5 of the Dungeon
  4075 | D:5      | Noticed an ice beast
  4085 | D:5      | Killed an ice beast
  4085 | D:5      | Reached XP level 7. HP: 53/60 MP: 3/12
  4182 | D:5      | Noticed Menkaure
  4184 | D:5      | Killed Menkaure
  4719 | D:6      | Noticed Eustachio
  4754 | D:6      | Killed Eustachio
  4754 | D:6      | Reached skill level 8 in Necromancy
  4754 | D:6      | Reached XP level 8. HP: 34/68 MP: 2/15
  5055 | D:6      | Reached skill level 5 in Spellcasting
  5271 | D:6      | Reached skill level 1 in Evocations
  5507 | D:7      | Noticed AdmiralAndromeda's ghost (novice HuCj)
  5708 | D:7      | Gained mutation: You passively map the area around you. [Deep Dwarf growth]
  5708 | D:7      | Reached XP level 9. HP: 68/74 MP: 11/18
  6085 | D:7      | Noticed a deep elf mage
  6108 | D:7      | Killed a deep elf mage
  6310 | D:7      | Bought a scroll labeled QOORGH TUOHEPT for 31 gold pieces
  6310 | D:7      | Bought a scroll labeled NASUAQEOCO for 31 gold pieces
  6349 | D:8      | Reached skill level 9 in Necromancy
  6373 | D:8      | Noticed a two-headed ogre
  6388 | D:8      | Mangled by a two-headed ogre

Skill      XL: |  1  2  3  4  5  6  7  8  9 |
---------------+----------------------------+-----
Spellcasting   | 2 3 4 6 8 |  8.0
Necromancy     | 5 6 7 8 9 |  9.1
Armour         | 1 2 3 |  3.8
Fighting       | 2 3 |  3.0
Evocations     | 4 |  4.8
Dodging        | |  2.1
Stealth        | |  2.4

Action                   |  1- 3 |  4- 6 |  7- 9 || total
-------------------------+-------+-------+-------++-------
Melee: Unarmed           |     2 |       |       ||     2
       Dagger            |     6 |    28 |    95 ||   129
Throw: Javelin           |       |     4 |    10 ||    14
 Cast: Pain              |    32 |   126 |    79 ||   237
       Vampiric Draining |     5 |    19 |    48 ||    72
Invok: Call Merchant     |       |       |     1 ||     1
Evoke: Wand              |       |       |    15 ||    15
  Use: Scroll            |       |       |    11 ||    11
 Stab: Sleeping          |     1 |       |     1 ||     2
       Paralysed         |       |       |     5 ||     5
  Eat: Chunk             |     1 |     3 |       ||     4
       Royal jelly       |       |     3 |     3 ||     6
       Meat ration       |       |     1 |     1 ||     2
Armor: Leather armour    |       |     8 |       ||     8
       Ring mail         |       |     5 |    73 ||    78
Dodge: Dodged            |    14 |    25 |   111 ||   150
